TOP OF THE 1ST |
Georgia Bulldogs batting - Pitching for Seton Hall Pirates : LHP Rory Black
|
Pitching: LHP Rory Black
|
|
Batting: RHB José Rocha
|
0-0: Called Strike 0-1: Swinging Strike 0-2: Ball 1-2: Foul Ball, location: 2F 1-2: Ball 2-2: Ball 3-2: Base on Balls
|
Batting: RHB Luis Gómez
|
0-0: Ball 1-0: Ball 2-0: Fly out, F8 (Flyball, 8LS)
|
Batting: SHB Andrés Coronado
|
0-0: Ball 1-0: Called Strike 1-1: Swinging Strike 1-2: Strikes out swinging
|
Batting: RHB Gerard Ford
|
0-0: Ball José Rocha steals 2nd base 1-0: Ball 2-0: Called Strike 2-1: Called Strike 2-2: Fly out, F9 (Flyball, 9LSF)
|
Top of the 1st over - 0 runs, 0 hits, 0 errors, 1 left on base; Georgia 0 - Seton Hall 0 |
BOTTOM OF THE 1ST |
Seton Hall Pirates batting - Pitching for Georgia Bulldogs : RHP Daniel Anderson
|
Pitching: RHP Daniel Anderson
|
|
Batting: RHB Ken Horn
|
0-0: Swinging Strike 0-1: Foul Ball, location: 2F 0-2: Ball 1-2: Foul Ball, location: 2F 1-2: Foul Ball, location: 2F 1-2: Foul Ball, location: 2F 1-2: Ball 2-2: Fly out, F5 (Popup, 6S)
|
Batting: RHB Joe Lord
|
0-0: Foul Ball, location: 2F 0-1: Fly out, F7 (Line Drive, 7)
|
Batting: LHB Vernon Riley
|
0-0: Foul Ball, location: 2F 0-1: Foul Ball, location: 2F 0-2: SOLO HOME RUN (Flyball, 9D), Distance : 351 ft
|
Batting: RHB Matt Hidalgo
|
0-0: Foul Ball, location: 2F 0-1: Fly out, F9 (Flyball, 9D)
|
Bottom of the 1st over - 1 run, 1 hit, 0 errors, 0 left on base; Georgia 0 - Seton Hall 1 |
TOP OF THE 2ND |
Georgia Bulldogs batting - Pitching for Seton Hall Pirates : LHP Rory Black
|
Batting: LHB Dan Wilson
|
0-0: Ground out U3 (Groundball, 34)
|
Batting: RHB César Méndez
|
0-0: Called Strike 0-1: Ball 1-1: Foul Ball, location: 2F 1-2: Foul Ball, location: 2F 1-2: Ball 2-2: Ball 3-2: Ground out 6-3 (Groundball, 6)
|
Batting: LHB Artie Decker
|
0-0: Ball 1-0: Ball 2-0: Ground out 5-3 (Groundball, 25)
|
Top of the 2nd over - 0 runs, 0 hits, 0 errors, 0 left on base; Georgia 0 - Seton Hall 1 |
BOTTOM OF THE 2ND |
Seton Hall Pirates batting - Pitching for Georgia Bulldogs : RHP Daniel Anderson
|
Batting: LHB Turner Burns
|
0-0: Ball 1-0: Foul Ball, location: 2F 1-1: Fly out, F7 (Flyball, 7)
|
Batting: RHB Fernando Cuevas
|
0-0: Foul Ball, location: 2F 0-1: Ball 1-1: Called Strike 1-2: Ball 2-2: Ball 3-2: Strikes out swinging
|
Batting: RHB Chris Rigney
|
0-0: Called Strike 0-1: Ball 1-1: Foul Ball, location: 2F 1-2: Foul Ball, location: 2F 1-2: Strikes out swinging
|
Bottom of the 2nd over - 0 runs, 0 hits, 0 errors, 0 left on base; Georgia 0 - Seton Hall 1 |
TOP OF THE 3RD |
Georgia Bulldogs batting - Pitching for Seton Hall Pirates : LHP Rory Black
|
Batting: RHB David Flores
|
0-0: Foul Ball, location: 2F 0-1: Ball 1-1: Ball 2-1: SINGLE (Groundball, 6MD)
|
Batting: RHB Jack Bowman
|
0-0: Ball 1-0: Swinging Strike 1-1: Foul Ball, location: 2F 1-2: Strikes out looking
|
Batting: RHB José Rocha
|
0-0: Ball 1-0: Ball 2-0: Foul Ball, location: 2F 2-1: Ball 3-1: Called Strike 3-2: Strikes out swinging David Flores is caught stealing 2nd base Batter strikes out.
|
Top of the 3rd over - 0 runs, 1 hit, 0 errors, 0 left on base; Georgia 0 - Seton Hall 1 |
BOTTOM OF THE 3RD |
Seton Hall Pirates batting - Pitching for Georgia Bulldogs : RHP Daniel Anderson
|
Batting: RHB Steve Moore
|
0-0: Hit by Pitch
|
Batting: LHB Pedro Cortés
|
0-0: Foul Ball, location: 2F 0-1: Foul Ball, location: 2F 0-2: Ball 1-2: Ball 2-2: SINGLE (Groundball, 34D) Steve Moore to second Runner from 2nd tries for 3rd, SAFE, no throw
|
Batting: RHB Ken Horn
|
0-0: Called Strike 0-1: Called Strike Pedro Cortés steals 2nd base 0-2: Strikes out looking
|
Batting: RHB Joe Lord
|
0-0: Called Strike 0-1: Swinging Strike 0-2: Foul Ball, location: 2F 0-2: Ball 1-2: Strikes out swinging
|
Batting: LHB Vernon Riley
|
0-0: Called Strike 0-1: Ball 1-1: Ground out 4-3 (Groundball, 4)
|
Bottom of the 3rd over - 0 runs, 1 hit, 0 errors, 2 left on base; Georgia 0 - Seton Hall 1 |
TOP OF THE 4TH |
Georgia Bulldogs batting - Pitching for Seton Hall Pirates : LHP Rory Black
|
Batting: RHB Luis Gómez
|
0-0: Ball 1-0: Ball 2-0: Called Strike 2-1: Foul Ball, location: 2F 2-2: Strikes out looking
|
Batting: SHB Andrés Coronado
|
0-0: Ball 1-0: Called Strike 1-1: Foul Ball, location: 2F 1-2: Foul Ball, location: 2F 1-2: Ball 2-2: Foul Ball, location: 2F 2-2: Foul Ball, location: 2F 2-2: Ground out 4-3 (Groundball, 4MS)
|
Batting: RHB Gerard Ford
|
0-0: Ball 1-0: Ball 2-0: Ball 3-0: Base on Balls
|
Batting: LHB Dan Wilson
|
0-0: Called Strike 0-1: Called Strike 0-2: Ball 1-2: Foul Ball, location: 2F 1-2: Strikes out swinging
|
Top of the 4th over - 0 runs, 0 hits, 0 errors, 1 left on base; Georgia 0 - Seton Hall 1 |
BOTTOM OF THE 4TH |
Seton Hall Pirates batting - Pitching for Georgia Bulldogs : RHP Daniel Anderson
|
Batting: RHB Matt Hidalgo
|
0-0: Ball 1-0: Foul Ball, location: 2F 1-1: Foul Ball, location: 2F 1-2: SINGLE (Flyball, 89S)
|
Batting: LHB Turner Burns
|
0-0: Ball 1-0: Grounds into double play, 6-4-3 (Groundball, 6)
|
Batting: RHB Fernando Cuevas
|
0-0: Foul Ball, location: 2F 0-1: Called Strike 0-2: Ball 1-2: Ball 2-2: Reached on error, E5 (Line Drive, 5L)
|
Batting: RHB Chris Rigney
|
0-0: Called Strike 0-1: Swinging Strike 0-2: Strikes out swinging
|
Bottom of the 4th over - 0 runs, 1 hit, 1 error, 1 left on base; Georgia 0 - Seton Hall 1 |
TOP OF THE 5TH |
Georgia Bulldogs batting - Pitching for Seton Hall Pirates : LHP Rory Black
|
Batting: RHB César Méndez
|
0-0: Ball 1-0: Ground out 5-3 (Groundball, 56)
|
Batting: LHB Artie Decker
|
0-0: Foul Ball, location: 2F 0-1: Ground out 4-3 (Groundball, 4)
|
Batting: RHB David Flores
|
0-0: Ball 1-0: Ball 2-0: Ball 3-0: Foul Ball, location: 2F 3-1: Called Strike 3-2: Foul Ball, location: 2F 3-2: Base on Balls
|
Batting: RHB Jack Bowman
|
0-0: Ball 1-0: Ground out 5-3 (Groundball, 56S)
|
Top of the 5th over - 0 runs, 0 hits, 0 errors, 1 left on base; Georgia 0 - Seton Hall 1 |
BOTTOM OF THE 5TH |
Seton Hall Pirates batting - Pitching for Georgia Bulldogs : RHP Daniel Anderson
|
Batting: RHB Steve Moore
|
0-0: Ground out 4-3 (Groundball, 4)
|
Batting: LHB Pedro Cortés
|
0-0: Swinging Strike 0-1: Called Strike 0-2: Ball 1-2: Strikes out swinging
|
Batting: RHB Ken Horn
|
0-0: Ball 1-0: Ball 2-0: Swinging Strike 2-1: Ball 3-1: Swinging Strike 3-2: Foul Ball, location: 2F 3-2: Base on Balls
|
Batting: RHB Joe Lord
|
0-0: Ball 1-0: Foul Ball, location: 2F 1-1: Ball 2-1: Called Strike 2-2: Strikes out swinging
|
Bottom of the 5th over - 0 runs, 0 hits, 0 errors, 1 left on base; Georgia 0 - Seton Hall 1 |
TOP OF THE 6TH |
Georgia Bulldogs batting - Pitching for Seton Hall Pirates : LHP Rory Black
|
Batting: RHB José Rocha
|
0-0: Ball 1-0: Foul Ball, location: 2F 1-1: Ball 2-1: Foul Ball, location: 2F 2-2: Ball 3-2: Foul Ball, location: 2F 3-2: SINGLE (Line Drive, 89S)
|
Pitching: LHP Keith Case
|
|
Batting: RHB Luis Gómez
|
0-0: Ball 1-0: Called Strike 1-1: Ball 2-1: Ball 3-1: Fly out, F9 (Flyball, 89D)
|
Batting: SHB Andrés Coronado
|
0-0: Called Strike 0-1: Ball 1-1: Foul Ball, location: 2F 1-2: Ball 2-2: Strikes out looking
|
Batting: RHB Gerard Ford
|
0-0: Ball 1-0: Ball 2-0: Swinging Strike 2-1: Swinging Strike 2-2: Foul Ball, location: 2F 2-2: Foul Ball, location: 2F 2-2: Foul Ball, location: 2F 2-2: Strikes out swinging
|
Top of the 6th over - 0 runs, 1 hit, 0 errors, 1 left on base; Georgia 0 - Seton Hall 1 |
BOTTOM OF THE 6TH |
Seton Hall Pirates batting - Pitching for Georgia Bulldogs : RHP Daniel Anderson
|
Batting: LHB Vernon Riley
|
0-0: Ball 1-0: Ball 2-0: Called Strike 2-1: Ball 3-1: Called Strike 3-2: Foul Ball, location: 2F 3-2: Strikes out swinging
|
Pitching: LHP Mark Williams
|
|
Batting: RHB Matt Hidalgo
|
0-0: Called Strike 0-1: Ball 1-1: Ball 2-1: Ball 3-1: Base on Balls
|
Batting: LHB Turner Burns
|
0-0: Ball 1-0: Ball 2-0: SINGLE (Line Drive, 78S) Matt Hidalgo to second
|
Batting: RHB Fernando Cuevas
|
0-0: Ball 1-0: Ball 2-0: Ball 3-0: Base on Balls Matt Hidalgo to third Turner Burns to second
|
Batting: RHB Chris Rigney
|
0-0: Foul Ball, location: 2F 0-1: Grounds into fielders choice 6-2 (Groundball, 56) Turner Burns to third Fernando Cuevas to second
|
Batting: RHB Steve Moore
|
0-0: Ball 1-0: Called Strike 1-1: Ball 2-1: SINGLE (Groundball, 34D) Turner Burns scores Fernando Cuevas to third Chris Rigney to second Runner from 3rd tries for Home, SAFE, no throw
|
Batting: LHB Pedro Cortés
|
0-0: Fly out, F7 (Flyball, 78D)
|
Bottom of the 6th over - 2 runs, 2 hits, 0 errors, 2 left on base; Georgia 0 - Seton Hall 3 |
TOP OF THE 7TH |
Georgia Bulldogs batting - Pitching for Seton Hall Pirates : LHP Keith Case
|
Batting: LHB Dan Wilson
|
0-0: Foul Ball, location: 2F 0-1: Swinging Strike 0-2: Ball 1-2: Strikes out swinging
|
Batting: RHB César Méndez
|
0-0: Swinging Strike 0-1: Ball 1-1: Called Strike 1-2: Foul Ball, location: 2F 1-2: Strikes out swinging
|
Pitching: RHP Ray Stevens
|
|
Batting: LHB Artie Decker
|
0-0: Ball 1-0: Foul Ball, location: 2F 1-1: Ground out 5-3 (Groundball, 56)
|
Top of the 7th over - 0 runs, 0 hits, 0 errors, 0 left on base; Georgia 0 - Seton Hall 3 |
BOTTOM OF THE 7TH |
Seton Hall Pirates batting - Pitching for Georgia Bulldogs : LHP Mark Williams
|
Pitching: RHP Roberto Castillo
|
|
Batting: RHB Ken Horn
|
0-0: Foul Ball, location: 2F 0-1: Ball 1-1: Reached on error, E8 (Flyball, 8LM)
|
Batting: RHB Joe Lord
|
0-0: Sac Bunt - play at first, batter OUT! 1-3 Ken Horn to second
|
Batting: LHB Vernon Riley
|
0-0: Intentional Walk
|
Batting: RHB Matt Hidalgo
|
0-0: Called Strike 0-1: Swinging Strike 0-2: Ball 1-2: Strikes out swinging
|
Batting: LHB Turner Burns
|
0-0: Ball 1-0: Foul Ball, location: 2F 1-1: Foul Ball, location: 2F 1-2: Ball 2-2: Foul Ball, location: 2F 2-2: SINGLE (Flyball, 89S) Ken Horn to third Vernon Riley to second Runner from 3rd tries for Home, SAFE, no throw
|
Batting: RHB Fernando Cuevas
|
0-0: Ball 1-0: DOUBLE (Line Drive, 7LD) Vernon Riley scores Turner Burns to third Runner from 3rd tries for Home, SAFE, no throw
|
Pitching: LHP Monty Bint
|
|
Batting: RHB Chris Rigney
|
0-0: Called Strike 0-1: Ball 1-1: Foul Ball, location: 2F 1-2: SINGLE (Line Drive, 8LS) Fernando Cuevas to third
|
Batting: RHB Steve Moore
|
0-0: Ball 1-0: Called Strike 1-1: Ball 2-1: Ball 3-1: Base on Balls Chris Rigney to second
|
Batting: LHB Pedro Cortés
|
0-0: Ground out 4-3 (Groundball, 4)
|
Bottom of the 7th over - 3 runs, 3 hits, 1 error, 3 left on base; Georgia 0 - Seton Hall 6 |
TOP OF THE 8TH |
Georgia Bulldogs batting - Pitching for Seton Hall Pirates : RHP Ray Stevens
|
Batting: RHB David Flores
|
0-0: Ball 1-0: Called Strike 1-1: Swinging Strike 1-2: Foul Ball, location: 2F 1-2: Ball 2-2: Ball 3-2: Foul Ball, location: 2F 3-2: Strikes out swinging
|
Batting: RHB Jack Bowman
|
0-0: Ball 1-0: Called Strike 1-1: Ball 2-1: Ball 3-1: Foul Ball, location: 2F 3-2: Strikes out looking
|
Batting: RHB José Rocha
|
0-0: Called Strike 0-1: Ball 1-1: Swinging Strike 1-2: Ball 2-2: SINGLE (Flyball, 9LS)
|
Batting: RHB Luis Gómez
|
0-0: Ground out 4-3 (Groundball, 34)
|
Top of the 8th over - 0 runs, 1 hit, 0 errors, 1 left on base; Georgia 0 - Seton Hall 6 |
BOTTOM OF THE 8TH |
Seton Hall Pirates batting - Pitching for Georgia Bulldogs : LHP Monty Bint
|
Batting: RHB Ken Horn
|
0-0: Ball 1-0: Foul Ball, location: 2F 1-1: Ball 2-1: Fly out, F7 (Flyball, 7S)
|
Batting: RHB Joe Lord
|
0-0: Swinging Strike 0-1: Called Strike 0-2: Ball 1-2: Strikes out swinging
|
Batting: LHB Vernon Riley
|
0-0: Called Strike 0-1: Called Strike 0-2: Strikes out swinging
|
Bottom of the 8th over - 0 runs, 0 hits, 0 errors, 0 left on base; Georgia 0 - Seton Hall 6 |
TOP OF THE 9TH |
Georgia Bulldogs batting - Pitching for Seton Hall Pirates : RHP Ray Stevens
|
Now at 1B: Jake Henshaw
|
|
Batting: SHB Andrés Coronado
|
0-0: Ball 1-0: Ball 2-0: Ball 3-0: Base on Balls
|
Batting: RHB Gerard Ford
|
0-0: Ball 1-0: Foul Ball, location: 2F 1-1: Fielders Choice at 2nd, 6-4 (Groundball, 6M)
|
Batting: LHB Dan Wilson
|
0-0: DOUBLE (Line Drive, 89D) Gerard Ford to third
|
Batting: RHB César Méndez
|
0-0: Called Strike 0-1: Ball 1-1: Ball 2-1: Ball 3-1: Base on Balls
|
Batting: LHB Artie Decker
|
0-0: Called Strike 0-1: Swinging Strike 0-2: Ball 1-2: Strikes out swinging
|
Batting: RHB David Flores
|
0-0: Foul Ball, location: 2F 0-1: Ball 1-1: Foul Ball, location: 2F 1-2: Ball 2-2: Strikes out swinging
|
Top of the 9th over - 0 runs, 1 hit, 0 errors, 3 left on base; Georgia 0 - Seton Hall 6 |
|